 Dungeon Crawl Stone Soup version 0.31-a0-187-gba352fbbf7 (webtiles) character file.

Game seed: 9318585134944017881

431 qw the Skirmisher (level 6, 0/35 HPs)
             Began as a Deep Elf Hunter on June 22, 2023.
             Was an Initiate of Okawaru.
             Constricted to death by Ijyb (2 damage)
             ... on level 4 of the Dungeon.
             The game lasted 00:01:16 (2989 turns).

qw the Skirmisher (Deep Elf Hunter)                 Turns: 2989, Time: 00:01:16

Health: 0/35       AC: 10    Str: 10    XL:     6   Next: 67%
Magic:  8/8        EV:  8    Int: 14    God:    Okawaru [......]
Gold:   103        SH:  0    Dex: 18    Spells: 5/5 levels left

rFire   . . .        Y - +0 orcbow
rCold   . . .        (shield currently unavailable)
rNeg    . . .        d - +0 ring mail
rPois   .            (no helmet)
rElec   .            (no cloak)
rCorr   .            b - +0 pair of gloves
SInv    .            (no boots)
Will    .....        f - amulet of faith
Stlth   +            g - +4 ring of protection
HPRegen 0.25/turn    (no ring)
MPRegen 0.11/turn

%: faith
@: grasped by roots, constricted
A: no striking features
a: Renounce Religion


You were on level 4 of the Dungeon.
You worshipped Okawaru.
Okawaru was noncommittal.
You visited 2 branches of the dungeon, and saw 5 of its levels.

You collected 103 gold pieces.


   Skills:
 - Level 2.1 Fighting
 - Level 10.3 Ranged Weapons
 + Level 2.4 Dodging
 - Level 1.2 Stealth


You had 5 spell levels left.
You didn't know any spells.
Your spell library was empty.

Inventory:

Hand Weapons
 Y - a +0 orcbow (weapon)
Armour
 b - a +0 pair of gloves (worn)
 d - a +0 ring mail (worn)
Jewellery
 f - an amulet of faith (around neck)
 g - a +4 ring of protection (left hand)
 m - an amulet of reflection
Scrolls
 h - a scroll of identify
Potions
 c - a potion of curing
 i - a potion of enlightenment

Dungeon Overview and Level Annotations

Branches:
Dungeon (4/15)             Temple (1/1) D:4

Altars:
Ashenzari
Fedhas
Gozag
Hepliaklqana
Kikubaaqudgha
Makhleb
Nemelex Xobeh
Okawaru
Trog
Uskayaw
Vehumet
Wu Jian
Xom
Zin
The Shining One

Annotations:
D:4 Ijyb


Message History

Ijyb zaps a wand.
The roots erupt in riotous growth!
The grasping roots grab you! The grasping roots constrict you.
You hear an angry hiss.
You shoot an arrow. The arrow hits Ijyb.
Ijyb is lightly wounded.
The roots lose their grip on you.
An endoplasm comes into view.
You shoot an arrow. The arrow barely misses Ijyb.
You shoot an arrow. The arrow barely misses Ijyb.
Ijyb zaps a wand.
The roots erupt in riotous growth!
The grasping roots grab you!
Ijyb is unaffected.
The grasping roots constrict you.
You shoot an arrow. The arrow hits Ijyb but does no damage.
Ijyb is lightly wounded.
Ijyb hits you but does no damage. The grasping roots constrict you.
You shoot an arrow. The arrow closely misses Ijyb.
Ijyb hits you with a +0 dagger. The grasping roots constrict you.
You shoot an arrow. The arrow barely misses Ijyb.
Ijyb hits you but does no damage. The grasping roots constrict you.
You shoot an arrow. The arrow barely misses Ijyb.
Ijyb hits you but does no damage. The grasping roots constrict you.
Ijyb hits you with a +0 dagger. The grasping roots constrict you.
The grasping roots release their grip on you.
You shoot an arrow. The arrow barely misses Ijyb.
Ijyb hits you but does no damage.
You shoot an arrow. The arrow hits Ijyb.
Ijyb is moderately wounded.
Ijyb misses you.
You shoot an arrow. The arrow closely misses Ijyb.
Ijyb zaps a wand.
The roots erupt in riotous growth!
The grasping roots grab you!
Ijyb is unaffected.
The grasping roots constrict you.
You shoot an arrow. The arrow closely misses Ijyb.
Ijyb hits you with a +0 dagger. The grasping roots constrict you.
You shoot an arrow. The arrow closely misses Ijyb.
Ijyb hits you but does no damage. The grasping roots constrict you!
You shoot an arrow. The arrow barely misses Ijyb.
Ijyb hits you with a +0 dagger. The grasping roots constrict you.
You die...

#.##### #. #.# #. #.# #.
#.# # #. #.# #.##. #.#
..J #.#
#.####g###########.#####
#......@................
####.#.#################
#. #. #. #. #. ..


You could see Ijyb and an endoplasm.

Vanquished Creatures
  A phantom (D:3)
  Blork the orc (D:4)
  An orc priest (D:3)
  An iguana (D:2)
  Natasha (thrice) (D:2)
  An orc wizard (D:3)
  4 adders
  2 worms
  3 dart slugs
  4 orcs
  4 ball pythons
  5 endoplasms
  5 giant cockroaches
  6 goblins
  10 hobgoblins
  3 quokkas (D:1)
  7 bats
  4 frilled lizards
  13 kobolds
  13 rats
91 creatures vanquished.

Notes
Turn   | Place    | Note
-------+----------+-------------------------------------------
     0 | D:1      | qw the Deep Elf Hunter began the quest for the Orb.
     0 | D:1      | Reached XP level 1. HP: 12/12 MP: 3/3
     0 | D:1      | 0 ||| qw: Version: 0.3-a-9-g12657ce
     0 | D:1      | 0 ||| qw: Game counter: 2451
     0 | D:1      | 0 ||| qw: Always use a shield: true
     0 | D:1      | 0 ||| qw: God list: Okawaru
     0 | D:1      | 0 ||| qw: Allow faded altars: false
     0 | D:1      | 0 ||| qw: Do Orc after D:15 true
     0 | D:1      | 0 ||| qw: Do second Lair branch before Depths: true
     0 | D:1      | 0 ||| qw: Lair rune preference: random
     0 | D:1      | 0 ||| qw: Plans: Normal
     0 | D:1      | 0 ||| PLANNING D:1-11
    84 | D:1      | Reached skill level 6 in Ranged Weapons
    84 | D:1      | Reached XP level 2. HP: 16/16 MP: 4/4
   144 | D:1      | 144 ||| SWAPPING to +0 orcbow.
   145 | D:1      | 145 ||| DROPPING +0 shortbow.
   262 | D:1      | 262 ||| UPGRADING to +0 ring mail.
   272 | D:1      | 272 ||| Stepping ~*~*~tactically~*~*~ (water).
   300 | D:1      | 300 ||| DROPPING +0 leather armour.
   326 | D:1      | Reached XP level 3. HP: 20/20 MP: 5/5
   497 | D:1      | 497 ||| UPGRADING to amulet of faith.
   502 | D:1      | 502 ||| UPGRADING to +4 ring of protection.
   503 | D:1      | 503 ||| READING scroll labelled XEIPUTHU EGHEC.
   504 | D:1      | 504 ||| READING scroll labelled QINIET BYWIARCH.
   505 | D:1      | 505 ||| READING scroll labelled WAOMOEGHIT.
   506 | D:1      | 506 ||| READING scroll labelled MIGIM DUOKIFF.
   507 | D:1      | 507 ||| DROPPING scroll of butterflies.
   561 | D:2      | Reached skill level 7 in Ranged Weapons
   768 | D:2      | Reached XP level 4. HP: 13/25 MP: 6/6
   819 | D:2      | Noticed Natasha
   820 | D:2      | Killed Natasha
   821 | D:2      | Reached skill level 8 in Ranged Weapons
  1028 | D:2      | Noticed Natasha
  1034 | D:2      | Killed Natasha
  1035 | D:2      | Reached XP level 5. HP: 22/29 MP: 7/7
  1217 | D:2      | 1217 ||| Stepping ~*~*~tactically~*~*~ (outnumbered).
  1219 | D:2      | 1219 ||| Stepping ~*~*~tactically~*~*~ (outnumbered).
  1331 | D:2      | Noticed Natasha
  1353 | D:2      | Killed Natasha
  1537 | D:2      | 1537 ||| READING scroll labelled AMYEKL SORGHUN.
  1538 | D:2      | 1538 ||| DRINKING 3 fuming yellow potions.
  1654 | D:2      | 1654 ||| DROPPING 2 potions of berserk rage.
  1791 | D:3      | 1791 ||| Stepping ~*~*~tactically~*~*~ (outnumbered).
  1797 | D:3      | Reached skill level 9 in Ranged Weapons
  1801 | D:3      | 1801 ||| FLEEEEING.
  1802 | D:3      | 1802 ||| FLEEEEING.
  1888 | D:3      | Noticed a phantom
  1899 | D:3      | Killed a phantom
  1900 | D:3      | Reached XP level 6. HP: 20/35 MP: 8/8
  2510 | D:3      | 2510 ||| UPGRADING to +0 pair of gloves.
  2515 | D:3      | 2515 ||| READING scroll labelled FUTIMO MA TEF.
  2516 | D:3      | 2516 ||| DRINKING 2 smoky pink potions.
  2517 | D:3      | 2517 ||| DRINKING 3 smoky grey potions.
  2518 | D:3      | 2518 ||| READING 3 scrolls of identify.
  2518 | D:3      | 2518 ||| IDENTIFYING bubbling dark potion
  2519 | D:3      | 2519 ||| READING 2 scrolls of identify.
  2519 | D:3      | 2519 ||| IDENTIFYING fizzy cyan potion
  2520 | D:3      | 2520 ||| DROPPING potion of degeneration.
  2521 | D:3      | 2521 ||| DROPPING 2 potions of attraction.
  2522 | D:3      | 2522 ||| DROPPING potion of invisibility.
  2554 | D:4      | Found a staircase to the Ecumenical Temple.
  2555 | D:4      | 2555 ||| PLANNING TEMPLE
  2562 | Temple   | Entered the Ecumenical Temple
  2563 | Temple   | 2563 ||| PLANNING OKAWARU WORSHIP
  2760 | Temple   | Became a worshipper of Warmaster Okawaru
  2761 | Temple   | 2761 ||| PLANNING D:1-11
  2785 | D:4      | Noticed Blork the orc
  2793 | D:4      | Killed Blork the orc
  2794 | D:4      | Reached skill level 10 in Ranged Weapons
  2883 | D:4      | Found a bloodstained altar of Trog.
  2975 | D:4      | Noticed Ijyb
  2988 | D:4      | HP: 2/35 [constriction (7)]
  2989 | D:4      | Constricted to death by Ijyb

Levels and vault maps discovered:
D:1:      wheals_arrival_shading, layout_rooms, serial_bayou_ford_a,
          minmay_pentomino_r2
D:2:      layout_loops_ring, lexackson_kobold_supper, uniq_natasha
D:3:      layout_basic
D:4:      layout_basic, lemuel_tele_altar, temple_statues,
          minmay_misc_feat_ornament, uniq_ijyb, uniq_blork_the_orc
Temple:   eino_narrow_crystal_temple

Skill      XL: |  1  2  3  4  5  6 |
---------------+-------------------+-----
Ranged Weapons | 6 7 8 9 10 | 10.3
Fighting       | 2 |  2.1
Dodging        | |  2.4
Stealth        | |  1.2

Action                     |  1- 3 |  4- 6 || total
---------------------------+-------+-------++-------
  Melee: Orcbow            |       |    14 ||    14
   Fire: Shortbow          |    19 |       ||    19
         Orcbow            |    48 |   198 ||   246
    Use: Scroll            |     4 |     4 ||     8
         Potion            |       |     3 ||     3
 Armour: Ring mail         |     6 |    39 ||    45
         Leather armour    |     2 |       ||     2
  Dodge: Dodged            |     4 |    33 ||    37

Table legend:
 A = Non-vault XP
 B = Vault XP
 C = Vault XP percentage of total XP
 D = Non-vault monster count
 E = Vault monster count
 F = Vault count percentage of total count
                 A         B        C        D         E       F
            +---------+---------+-------+---------+---------+-------
      Total |     478 |     139 |  22.5 |      80 |      11 |  12.1
            +---------+---------+-------+---------+---------+-------
        D:1 |      41 |       2 |   4.7 |      23 |       1 |   4.2
        D:2 |     185 |      46 |  19.9 |      25 |       9 |  26.5
        D:3 |     248 |       0 |   0.0 |      30 |       0 |   0.0
        D:4 |       4 |      91 |  95.8 |       2 |       1 |  33.3
            +---------+---------+-------+---------+---------+-------
